| TOP OF THE 1ST |
|
California Angels batting - Pitching for Chicago White Sox : RHP Xenophon Valvis
|
|
Pitching: RHP Xenophon Valvis
|
|
|
Batting: RHB Bjoern Waltersson
|
0-0: Fly out, F6 (Popup, 6, EV 66.2 MPH)
|
|
Batting: LHB Rusty Ney
|
0-0: Called Strike 0-1: Foul Ball, location: 2F 0-2: Foul Ball, location: 2F 0-2: Ball 1-2: Foul Ball, location: 2F 1-2: Fly out, F7 (Flyball, 7, EV 92.5 MPH)
|
|
Batting: RHB Mike Harkins
|
0-0: Called Strike 0-1: Foul Ball, location: 2F 0-2: Strikes out swinging
|
| Top of the 1st over - 0 runs, 0 hits, 0 errors, 0 left on base; California 0 - Chicago 0 |
| BOTTOM OF THE 1ST |
|
Chicago White Sox batting - Pitching for California Angels : RHP Gus Morante
|
|
Pitching: RHP Gus Morante
|
|
|
Batting: SHB Bartholomeu Chambino
|
0-0: Called Strike 0-1: Called Strike 0-2: Ball 1-2: Strikes out swinging
|
|
Batting: SHB Gus Berry
|
0-0: Called Strike 0-1: Ball 1-1: Fly out, F3 (Popup, 3L, EV 73.1 MPH)
|
|
Batting: LHB Randy Rosenberry
|
0-0: Ball 1-0: Called Strike 1-1: Ball 2-1: Foul Ball, location: 2F 2-2: Ball 3-2: Base on Balls
|
|
Batting: RHB Joseph Disepolo
|
0-0: Ball 1-0: Fly out, F9 (Flyball, 89M, EV 86.2 MPH)
|
| Bottom of the 1st over - 0 runs, 0 hits, 0 errors, 1 left on base; California 0 - Chicago 0 |
| TOP OF THE 2ND |
|
California Angels batting - Pitching for Chicago White Sox : RHP Xenophon Valvis
|
|
Batting: RHB Preston Deakyne
|
0-0: Foul Ball, location: 2F 0-1: SOLO HOME RUN (Flyball, 78XD, EV 98.1 MPH), Distance : 394 ft
|
|
Batting: RHB Alain Delhaye
|
0-0: Called Strike 0-1: SINGLE (Line Drive, 56D, EV 104.4 MPH)
|
|
Batting: RHB Nick Dunn
|
0-0: DOUBLE (Flyball, 89D, EV 107.5 MPH) Alain Delhaye to third
|
|
Batting: RHB Avery Maxwell
|
0-0: Called Strike 0-1: Ball 1-1: Ball 2-1: Ball 3-1: Base on Balls
|
|
Batting: LHB Javier Trujillo
|
0-0: Called Strike 0-1: Ball 1-1: Grounds into double play, 4-6-3 (Groundball, 4, EV 103.8 MPH) Alain Delhaye scores Nick Dunn to third
|
|
Batting: RHB Luis Romero
|
0-0: Ground out 5-3 (Groundball, 56S, EV 76.2 MPH)
|
| Top of the 2nd over - 2 runs, 3 hits, 0 errors, 1 left on base; California 2 - Chicago 0 |
| BOTTOM OF THE 2ND |
|
Chicago White Sox batting - Pitching for California Angels : RHP Gus Morante
|
|
Batting: LHB Angel Tellez
|
0-0: Ball 1-0: Called Strike 1-1: Called Strike 1-2: Strikes out looking
|
|
Batting: RHB Dietmar Warmisch
|
0-0: Ball 1-0: Foul Ball, location: 2F 1-1: Called Strike 1-2: Ground out 6-3 (Groundball, 6M, EV 80.6 MPH)
|
|
Batting: SHB Alfie Bungledorf
|
0-0: Called Strike 0-1: Called Strike 0-2: Ball 1-2: Strikes out swinging
|
| Bottom of the 2nd over - 0 runs, 0 hits, 0 errors, 0 left on base; California 2 - Chicago 0 |
| TOP OF THE 3RD |
|
California Angels batting - Pitching for Chicago White Sox : RHP Xenophon Valvis
|
|
Batting: RHB Bjoern Waltersson
|
0-0: Ball 1-0: Ball 2-0: Ball 3-0: Base on Balls
|
|
Batting: LHB Rusty Ney
|
0-0: Ball 1-0: Swinging Strike 1-1: Grounds into double play, 6-4-3 (Groundball, 6D, EV 111.2 MPH)
|
|
Batting: RHB Mike Harkins
|
0-0: Ball 1-0: Foul Ball, location: 2F 1-1: Called Strike 1-2: Strikes out swinging
|
| Top of the 3rd over - 0 runs, 0 hits, 0 errors, 0 left on base; California 2 - Chicago 0 |
| BOTTOM OF THE 3RD |
|
Chicago White Sox batting - Pitching for California Angels : RHP Gus Morante
|
|
Batting: RHB Brad Boals
|
0-0: Called Strike 0-1: Ball 1-1: Foul Ball, location: 2F 1-2: Foul Ball, location: 2F 1-2: Ball 2-2: SOLO HOME RUN (Flyball, 7D, EV 97.5 MPH), Distance : 366 ft
|
|
Batting: LHB Sidney Pedder
|
0-0: Ball 1-0: Called Strike 1-1: Called Strike 1-2: Strikes out swinging
|
|
Batting: SHB Bartholomeu Chambino
|
0-0: Called Strike 0-1: Foul Ball, location: 2F 0-2: Ball 1-2: Foul Ball, location: 2F 1-2: Ball 2-2: Ball 3-2: Foul Ball, location: 2F 3-2: Foul Ball, location: 2F 3-2: Foul Ball, location: 2F 3-2: Base on Balls
|
|
Batting: SHB Gus Berry
|
0-0: Ball 1-0: Swinging Strike 1-1: Called Strike 1-2: Grounds into double play, 4-6-3 (Groundball, 34, EV 100.0 MPH)
|
| Bottom of the 3rd over - 1 run, 1 hit, 0 errors, 0 left on base; California 2 - Chicago 1 |
| TOP OF THE 4TH |
|
California Angels batting - Pitching for Chicago White Sox : RHP Xenophon Valvis
|
|
Batting: RHB Preston Deakyne
|
0-0: Ball 1-0: Foul Ball, location: 2F 1-1: Called Strike 1-2: Foul Ball, location: 2F 1-2: Strikes out swinging
|
|
Batting: RHB Alain Delhaye
|
0-0: Swinging Strike 0-1: Called Strike 0-2: Ball 1-2: SOLO HOME RUN (Flyball, 7LD, EV 96.2 MPH), Distance : 340 ft
|
|
Batting: RHB Nick Dunn
|
0-0: Foul Ball, location: 2F 0-1: Swinging Strike 0-2: Foul Ball, location: 2F 0-2: Ball 1-2: Ball 2-2: DOUBLE (Groundball, 5L, EV 101.9 MPH)
|
|
Batting: RHB Avery Maxwell
|
0-0: Fly out, F7 (Flyball, 7LS, EV 82.5 MPH)
|
|
Batting: LHB Javier Trujillo
|
0-0: Called Strike 0-1: Ball 1-1: Foul Ball, location: 2F 1-2: Foul Ball, location: 2F 1-2: SINGLE (Groundball, 25, EV 69.4 MPH) (infield hit) Nick Dunn to third
|
|
Batting: RHB Luis Romero
|
0-0: Ground out 6-3 (Groundball, 6S, EV 78.8 MPH)
|
| Top of the 4th over - 1 run, 3 hits, 0 errors, 2 left on base; California 3 - Chicago 1 |
| BOTTOM OF THE 4TH |
|
Chicago White Sox batting - Pitching for California Angels : RHP Gus Morante
|
|
Batting: LHB Randy Rosenberry
|
0-0: Ground out 1-3 (Groundball, 15S, EV 71.2 MPH)
|
|
Batting: RHB Joseph Disepolo
|
0-0: Ball 1-0: DOUBLE (Line Drive, 89D, EV 108.8 MPH)
|
|
Batting: LHB Angel Tellez
|
0-0: Called Strike 0-1: Called Strike 0-2: Strikes out swinging
|
|
Batting: RHB Dietmar Warmisch
|
0-0: Ball 1-0: Foul Ball, location: 2F 1-1: Called Strike 1-2: Strikes out looking
|
| Bottom of the 4th over - 0 runs, 1 hit, 0 errors, 1 left on base; California 3 - Chicago 1 |
| TOP OF THE 5TH |
|
California Angels batting - Pitching for Chicago White Sox : RHP Xenophon Valvis
|
|
Batting: RHB Bjoern Waltersson
|
0-0: Ball 1-0: Swinging Strike 1-1: Fly out, F7 (Flyball, 78D, EV 88.1 MPH)
|
|
Batting: LHB Rusty Ney
|
0-0: Foul Ball, location: 2F 0-1: Fly out, F8 (Line Drive, 78D, EV 93.8 MPH)
|
|
Batting: RHB Mike Harkins
|
0-0: Foul Ball, location: 2F 0-1: SOLO HOME RUN (Flyball, 78XD, EV 105.0 MPH), Distance : 425 ft
|
|
Batting: RHB Preston Deakyne
|
0-0: Swinging Strike 0-1: Foul Ball, location: 2F 0-2: Strikes out swinging
|
| Top of the 5th over - 1 run, 1 hit, 0 errors, 0 left on base; California 4 - Chicago 1 |
| BOTTOM OF THE 5TH |
|
Chicago White Sox batting - Pitching for California Angels : RHP Gus Morante
|
|
Batting: SHB Alfie Bungledorf
|
0-0: Ball 1-0: Foul Ball, location: 2F 1-1: Ball 2-1: Foul Ball, location: 2F 2-2: Strikes out looking
|
|
Batting: RHB Brad Boals
|
0-0: Called Strike 0-1: Ball 1-1: Foul Ball, location: 2F 1-2: Strikes out swinging
|
|
Batting: LHB Sidney Pedder
|
0-0: Ball 1-0: Called Strike 1-1: Foul Ball, location: 2F 1-2: Foul Ball, location: 2F 1-2: Ball 2-2: Strikes out swinging
|
| Bottom of the 5th over - 0 runs, 0 hits, 0 errors, 0 left on base; California 4 - Chicago 1 |
| TOP OF THE 6TH |
|
California Angels batting - Pitching for Chicago White Sox : RHP Xenophon Valvis
|
|
Batting: RHB Alain Delhaye
|
0-0: Called Strike 0-1: Ball 1-1: Ball 2-1: Foul Ball, location: 2F 2-2: Foul Ball, location: 2F 2-2: Foul Ball, location: 2F 2-2: Strikes out looking
|
|
Batting: RHB Nick Dunn
|
0-0: Ball 1-0: Called Strike 1-1: Ball 2-1: Swinging Strike 2-2: Foul Ball, location: 2F 2-2: SINGLE (Line Drive, 8LS, EV 90.0 MPH)
|
|
Batting: RHB Avery Maxwell
|
0-0: Called Strike 0-1: Ball 1-1: SINGLE (Line Drive, 4D, EV 94.4 MPH) Nick Dunn to second Runner from 2nd tries for 3rd, SAFE, throw by CF made to third
|
|
Batting: LHB Javier Trujillo
|
0-0: Ball 1-0: Called Strike 1-1: Ball 2-1: Ball 3-1: SINGLE (Line Drive, 7LM, EV 110.6 MPH) Nick Dunn scores Avery Maxwell to second
|
|
Pitching: RHP Ryan Columbo
|
|
|
Batting: RHB Luis Romero
|
0-0: Ball 1-0: Foul Ball, location: 2F 1-1: Ball 2-1: Swinging Strike 2-2: Foul Ball, location: 2F 2-2: Strikes out swinging
|
|
Batting: RHB Bjoern Waltersson
|
0-0: Ball 1-0: Ball 2-0: Foul Ball, location: 2F 2-1: Foul Ball, location: 2F 2-2: Ball 3-2: Strikes out swinging
|
| Top of the 6th over - 1 run, 3 hits, 0 errors, 2 left on base; California 5 - Chicago 1 |
| BOTTOM OF THE 6TH |
|
Chicago White Sox batting - Pitching for California Angels : RHP Gus Morante
|
|
Batting: SHB Bartholomeu Chambino
|
0-0: Foul Ball, location: 2F 0-1: Fly out, F5 (Popup, 6S, EV 86.9 MPH)
|
|
Batting: SHB Gus Berry
|
0-0: Ball 1-0: Swinging Strike 1-1: Ball 2-1: Ball 3-1: Ground out 4-3 (Groundball, 4, EV 82.5 MPH)
|
|
Batting: LHB Randy Rosenberry
|
0-0: Ball 1-0: Called Strike 1-1: Called Strike 1-2: Foul Ball, location: 2F 1-2: Ball 2-2: Foul Ball, location: 2F 2-2: Foul Ball, location: 2F 2-2: Ball 3-2: Strikes out looking
|
| Bottom of the 6th over - 0 runs, 0 hits, 0 errors, 0 left on base; California 5 - Chicago 1 |
| TOP OF THE 7TH |
|
California Angels batting - Pitching for Chicago White Sox : RHP Ryan Columbo
|
|
Pitching: LHP Josh Vaca
|
|
|
Batting: LHB Rusty Ney
|
0-0: Swinging Strike 0-1: Swinging Strike 0-2: Ball 1-2: Strikes out swinging
|
|
Batting: RHB Mike Harkins
|
0-0: Ball 1-0: Ball 2-0: Called Strike 2-1: Ball 3-1: Called Strike 3-2: Strikes out swinging
|
|
Batting: RHB Preston Deakyne
|
0-0: Ball 1-0: Called Strike 1-1: Swinging Strike 1-2: Foul Ball, location: 2F 1-2: Strikes out swinging
|
| Top of the 7th over - 0 runs, 0 hits, 0 errors, 0 left on base; California 5 - Chicago 1 |
| BOTTOM OF THE 7TH |
|
Chicago White Sox batting - Pitching for California Angels : RHP Gus Morante
|
|
Batting: RHB Joseph Disepolo
|
0-0: Foul Ball, location: 2F 0-1: SINGLE (Line Drive, 7LM, EV 105.6 MPH)
|
|
Batting: LHB Angel Tellez
|
0-0: Foul Ball, location: 2F 0-1: Ball 1-1: Ball 2-1: Called Strike 2-2: Ball 3-2: Ground out 4-3 (Groundball, 4S, EV 88.1 MPH) Joseph Disepolo to second
|
|
Batting: RHB Dietmar Warmisch
|
0-0: Ball 1-0: Ball 2-0: Ball 3-0: Base on Balls
|
|
Pitching: RHP Elliott Payne
|
|
|
Batting: SHB Alfie Bungledorf
|
0-0: Ball 1-0: Foul Ball, location: 2F 1-1: SINGLE (Groundball, 34D, EV 108.1 MPH) Joseph Disepolo to third Dietmar Warmisch to second Runner from 3rd tries for Home, SAFE, throw by RF to home
|
|
Batting: RHB Brad Boals
|
0-0: Ball 1-0: Fly out, F8 (Flyball, 8RS, EV 97.5 MPH)
|
|
Batting: LHB Sidney Pedder
|
0-0: Called Strike 0-1: Ball 1-1: Foul Ball, location: 2F 1-2: Strikes out swinging
|
| Bottom of the 7th over - 1 run, 2 hits, 0 errors, 2 left on base; California 5 - Chicago 2 |
| TOP OF THE 8TH |
|
California Angels batting - Pitching for Chicago White Sox : LHP Josh Vaca
|
|
Batting: RHB Alain Delhaye
|
0-0: Ball 1-0: Foul Ball, location: 2F 1-1: Ball 2-1: Foul Ball, location: 2F 2-2: Strikes out looking
|
|
Batting: RHB Nick Dunn
|
0-0: Called Strike 0-1: SINGLE (Groundball, 6MD, EV 102.5 MPH)
|
|
Batting: RHB Avery Maxwell
|
0-0: Ball Nick Dunn is caught stealing 2nd base 2-4 1-0: DOUBLE (Line Drive, 89XD, EV 100.6 MPH)
|
|
Batting: LHB Javier Trujillo
|
0-0: Ball 1-0: Ball 2-0: Ball 3-0: Base on Balls
|
|
Pitching: RHP Allen Speidel
|
|
|
Batting: RHB Luis Romero
|
0-0: Called Strike 0-1: Ball 1-1: Foul Ball, location: 2F 1-2: DOUBLE (Flyball, 89D, EV 106.2 MPH) Avery Maxwell scores Javier Trujillo to third Runner from 3rd tries for Home, SAFE, no throw by CF
|
|
Batting: RHB Bjoern Waltersson
|
0-0: Called Strike 0-1: Ball 1-1: Called Strike 1-2: Strikes out swinging
|
| Top of the 8th over - 2 runs, 3 hits, 0 errors, 1 left on base; California 7 - Chicago 2 |
| BOTTOM OF THE 8TH |
|
Chicago White Sox batting - Pitching for California Angels : RHP Elliott Payne
|
|
Batting: SHB Bartholomeu Chambino
|
0-0: Ball 1-0: Called Strike 1-1: Ball 2-1: Ball 3-1: Base on Balls
|
|
Batting: SHB Gus Berry
|
0-0: Foul Ball, location: 2F 0-1: DOUBLE (Groundball, 3L, EV 94.4 MPH) Bartholomeu Chambino to third
|
|
Batting: LHB Randy Rosenberry
|
0-0: Ball 1-0: Ball 2-0: Foul Ball, location: 2F 2-1: Swinging Strike 2-2: Ground out U3 (Groundball, 3, EV 101.9 MPH)
|
|
Batting: RHB Joseph Disepolo
|
0-0: Called Strike 0-1: Ground out 4-3 (Groundball, 4, EV 83.1 MPH) Bartholomeu Chambino scores Gus Berry to third
|
|
Batting: LHB Angel Tellez
|
0-0: Ball 1-0: Swinging Strike 1-1: Ball 2-1: Called Strike 2-2: Foul Ball, location: 2F 2-2: Foul Ball, location: 2F 2-2: Ground out 4-3 (Groundball, 4D, EV 104.4 MPH)
|
| Bottom of the 8th over - 1 run, 1 hit, 0 errors, 1 left on base; California 7 - Chicago 3 |
| TOP OF THE 9TH |
|
California Angels batting - Pitching for Chicago White Sox : RHP Allen Speidel
|
|
Pitching: LHP Rhett Beers
|
|
|
Batting: LHB Rusty Ney
|
0-0: Foul Ball, location: 2F 0-1: Ball 1-1: Swinging Strike 1-2: Foul Ball, location: 2F 1-2: Ball 2-2: Foul Ball, location: 2F 2-2: Strikes out swinging
|
|
Batting: RHB Mike Harkins
|
0-0: Ball 1-0: Called Strike 1-1: Swinging Strike 1-2: Strikes out swinging
|
|
Batting: RHB Preston Deakyne
|
0-0: Foul Ball, location: 2F 0-1: Foul Ball, location: 2F 0-2: Strikes out swinging
|
| Top of the 9th over - 0 runs, 0 hits, 0 errors, 0 left on base; California 7 - Chicago 3 |
| BOTTOM OF THE 9TH |
|
Chicago White Sox batting - Pitching for California Angels : RHP Elliott Payne
|
|
Pitching: RHP Dave Jackson
|
|
|
Batting: RHB Dietmar Warmisch
|
0-0: Ball 1-0: DOUBLE (Groundball, 5L, EV 101.9 MPH)
|
|
Batting: SHB Alfie Bungledorf
|
0-0: Ball 1-0: Called Strike 1-1: Swinging Strike 1-2: Fly out, F6 (Line Drive, 6, EV 73.8 MPH)
|
|
Batting: RHB Brad Boals
|
0-0: Called Strike 0-1: Ball 1-1: Foul Ball, location: 2F 1-2: Strikes out swinging, 2-3 out at first.
|
|
Batting: LHB Sidney Pedder
|
0-0: Called Strike 0-1: Ball 1-1: Swinging Strike 1-2: Ball 2-2: Strikes out swinging
|
| Bottom of the 9th over - 0 runs, 1 hit, 0 errors, 1 left on base; California 7 - Chicago 3 |
|